 Dungeon Crawl Stone Soup version 0.31-a0-1603-gbec6b6ccbf (webtiles) character file.

Game seed: 16351092572103379370

975 Lobster4 the Gusty (level 8, -6/45 HPs)
             Began as a Tengu Air Elementalist on Jan 8, 2024.
             Was an Initiate of Gozag.
             Mangled by an ice beast (14 damage)
             ... on level 5 of the Dungeon.
             The game lasted 00:17:54 (6327 turns).

Lobster4 the Gusty (Tengu Air Elementalist)         Turns: 6327, Time: 00:17:54

Health: -6/45      AC:  3    Str: 10    XL:     8   Next: 16%
Magic:  3/14       EV: 16    Int: 17    God:    Gozag
Gold:   249        SH:  0    Dex: 14    Spells: 7/13 levels left

rFire   . . .        e - +2 short sword (venom)
rCold   . . .        (no shield)
rNeg    . . .        g - +0 leather armour
rPois   .            (helmet restricted)
rElec   .            (no cloak)
rCorr   .            (no gloves)
SInv    .            (boots unavailable)
Will    .....        (no amulet)
Stlth   ++           (no ring)
HPRegen 0.27/turn    (no ring)
MPRegen 0.14/turn

%: acrobat
@: swift, flying, quick
A: beak, talons 3, evasive flight, acrobatic
a: Renounce Religion, Potion Petition, Call Merchant, Bribe Branch


You were on level 5 of the Dungeon.
You worshipped Gozag.
Gozag was aware of your devotion.
You visited 1 branch of the dungeon, and saw 5 of its levels.

You collected 346 gold pieces.
You paid 97 gold pieces to Gozag.

Inventory:

Hand Weapons
 e - a +2 short sword of venom (weapon)
 y - a +1 dagger of draining
Missiles
 a - 2 silver javelins
 f - 3 poisoned darts
 m - 4 boomerangs
 o - 8 javelins
 u - a curare-tipped dart (quivered)
 x - a throwing net
Armour
 g - a +0 leather armour (worn)
Scrolls
 c - 2 scrolls of teleportation {unknown}
 d - a scroll of fear {unknown}
 q - a scroll of poison {unknown}
 t - 3 scrolls of revelation {unknown}
 w - 2 scrolls of blinking {unknown}
Potions
 b - 2 potions of magic
 h - a potion of haste
 j - a potion of enlightenment
 k - 2 potions of attraction {unknown}
 p - 3 potions of curing {unknown}
 r - a potion of cancellation {unknown}
 s - a potion of mutation {unknown}
 v - a potion of brilliance
 z - a potion of invisibility {unknown}
 A - a potion of heal wounds {unknown}


   Skills:
 + Level 2.8 Fighting
 + Level 3.3 Short Blades
 - Level 3.0 Armour
 - Level 3.0 Dodging
 + Level 3.5 Stealth
 + Level 3.4 Spellcasting
 + Level 4.3 Conjurations
 * Level 7.3 Air Magic


You had 7 spell levels left.
You knew the following spells:

 Your Spells              Type           Power      Damage    Failure   Level
a - Shock                 Conj/Air       88%        1d8       1%          1
b - Static Discharge      Conj/Air       44%        3-5/arc   3%          2
s - Swiftness             Air            27%        N/A       3%          3

Your spell library contained the following spells:

 Spells                   Type           Power      Damage    Failure   Level
 Airstrike                Air            13%        2d(2-18)  11%         4
 Momentum Strike          Conj/Tloc      20%        3d8       14%         2
 Blink                    Tloc           4%         N/A       32%         2
 Lesser Beckoning         Tloc           4%         N/A       32%         2
 Frozen Ramparts          Ice            4%         1d1       54%         3
 Leda's Liquefaction      Alch/Erth      1%         N/A       91%         4
 Petrify                  Alch/Erth      2%         N/A       91%         4
 Metabolic Englaciation   Hex/Ice        1%         N/A       99%         5


Dungeon Overview and Level Annotations

Branches:
Dungeon (5/15)
 Temple: D:4-7

Altars:
Gozag
The Shining One

Shops:
D:1 [[*:   D:5 (*

Annotations:
D:3 Terence
D:4 3 runed translucent doors, tmcgee265's ghost, amateur FoBr
D:5 exclusion: bombardier beetle


Innate Abilities, Weirdness & Mutations

You have a beak for a mouth.
You have claws for feet.
Your magical flight helps you evade attacks. (EV +4)
You can magically evade attacks while moving or waiting.


Message History

The ice beast is lightly wounded.
You are struck by an arc of lightning.
The lightning grounds out.
The ice beast hits you. The ice beast freezes you!
Unknown command.
Casting: Static Discharge (safe; 3% risk of failure)
Confirm with . or Enter, or press ? or * to list all spells.
The ice beast is struck by an arc of lightning.
The ice beast is moderately wounded.
You are struck by an arc of lightning.
The lightning grounds out.
The ice beast hits you but does no damage.
Unknown command.
Casting: Static Discharge (safe; 3% risk of failure)
Confirm with . or Enter, or press ? or * to list all spells.
The ice beast is struck by an arc of lightning.
The ice beast is moderately wounded.
You are struck by an arc of lightning.
The ice beast is struck by an arc of lightning.
The ice beast is moderately wounded.
You are struck by an arc of lightning.
The lightning grounds out.
The ice beast completely misses you.
Unknown command.
Casting: Static Discharge (safe; 3% risk of failure)
Confirm with . or Enter, or press ? or * to list all spells.
The ice beast is struck by an arc of lightning!
The ice beast is severely wounded.
You are struck by an arc of lightning.
The ice beast is struck by an arc of lightning.
The ice beast is almost dead.
The lightning grounds out.
The ice beast hits you. The ice beast freezes you!
* * * LOW HITPOINT WARNING * * *
Unknown command.
Okay, then.
Unknown command.
Casting: Static Discharge (safe; 3% risk of failure)
Confirm with . or Enter, or press ? or * to list all spells.
You feel quick. The ice beast hits you.
* * * LOW HITPOINT WARNING * * *
The ice beast freezes you!
You die...
Your body crumbles into a pile of gold.

#..# # #..# # . #..######
.S #.......# ..)
#.#.....# .... #.##.....
..... #.##....#
......###########.##....#
......'Y@..........#....#
#.....###################
#.... ####


You could see an ice beast.

Vanquished Creatures
  A black bear (D:5)
  2 ogres
  A phantom (D:5)
  2 kobold brigands (D:3)
  3 scorpions (D:5)
  2 orc priests
  2 hounds
  An iguana (D:5)
  An orc wizard (D:3)
  6 adders
  3 dart slugs
  2 ribbon worms
  13 orcs
  4 ball pythons
  4 bats
  4 endoplasms
  5 giant cockroaches
  7 goblins
  7 hobgoblins
  3 jackals (D:2)
  3 quokkas
  5 frilled lizards
  17 kobolds
  4 rats
102 creatures vanquished.

Notes
Turn   | Place    | Note
-------+----------+-------------------------------------------
     0 | D:1      | Lobster4 the Tengu Air Elementalist began the quest for the
                  | Orb.
     0 | D:1      | Reached XP level 1. HP: 10/10 MP: 4/4
     9 | D:1      | Found Roaq's Book Shoppe.
   467 | D:1      | Reached XP level 2. HP: 15/15 MP: 4/6
   690 | D:1      | Found Apyenoergh's General Store.
   844 | D:1      | Found Seom's Antique Armour Boutique.
   998 | D:1      | Found Wyuph's Antique Armour Shop.
  1108 | D:2      | Reached XP level 3. HP: 16/20 MP: 2/7
  1171 | D:2      | Learned a level 3 spell: Swiftness
  1339 | D:2      | Reached skill level 1 in Short Blades
  1620 | D:2      | Reached skill level 1 in Armour
  1620 | D:2      | Reached XP level 4. HP: 24/24 MP: 3/8
  2578 | D:3      | Found a faded altar of an unknown god.
  2709 | D:3      | Reached skill level 5 in Air Magic
  2873 | D:3      | Learned a level 2 spell: Static Discharge
  2949 | D:3      | Found a glowing golden altar of the Shining One.
  3096 | D:3      | Noticed a kobold brigand
  3098 | D:3      | Noticed a kobold brigand
  3181 | D:3      | Reached skill level 1 in Fighting
  3223 | D:3      | Noticed Terence
  3346 | D:3      | Reached XP level 5. HP: 24/29 MP: 1/9
  3463 | D:3      | Killed a kobold brigand
  3464 | D:3      | Reached XP level 6. HP: 13/34 MP: 4/11
  5111 | D:4      | Found a runed translucent gate.
  5111 | D:4      | Found a runed translucent gate.
  5116 | D:4      | Reached skill level 6 in Air Magic
  5116 | D:4      | Found a runed translucent gate.
  5128 | D:4      | Gained mutation: Your magical flight helps you evade
                  | attacks. (EV +4) [Tengu growth]
  5128 | D:4      | Reached XP level 7. HP: 39/39 MP: 6/12
  5281 | D:4      | Noticed tmcgee265's ghost (amateur FoBr)
  5284 | D:4      | Identified the +0 plate armour of Weightlessness {+Inv
                  | rPois rN+ Dex+3}
  5337 | D:5      | Entered Level 5 of the Dungeon
  5471 | D:5      | Found an opulent altar of Gozag.
  5574 | D:5      | Became a worshipper of Gozag Ym Sagoz the Greedy
  5732 | D:5      | Found Sujacwi's Assorted Antiques.
  5812 | D:5      | Found Ywkir's Antique Weapon Boutique.
  5920 | D:5      | Reached skill level 7 in Air Magic
  5920 | D:5      | Reached XP level 8. HP: 30/45 MP: 3/13
  6327 | D:5      | Mangled by an ice beast

Illustrated notes

Levels and vault maps discovered:
D:1:      roadster_arrival_rocket_small, layout_loops_corners, serial_shops,
          shop, nicolae_diamond_shop, nicolae_square_shop, shop
D:2:      layout_basic, grunt_ministairs_5
D:3:      cheibrodos_thug_alley, layout_loops_ring,
          mainiacjoe_overflow_surrounded_room, nicolae_ecumenical_pavilion,
          uniq_terence
D:4:      layout_loops_cross, biasface_ghost_orc_armoury, grunt_ministairs_11
D:5:      minmay_spotlight, layout_basic, grunt_gozag_breadcrumbs,
          gammafunk_temple_overflow_statue, serial_shops, nicolae_diamond_shop,
          shop

Skill      XL: |  1  2  3  4  5  6  7  8 |
---------------+-------------------------+-----
Short Blades   | 1 2 3 |  3.3
Armour         | 1 2 3 |  3.0
Conjurations   | 2 3 4 |  4.3
Air Magic      | 5 6 7 |  7.3
Fighting       | 1 2 |  2.8
Dodging        | 3 |  3.0
Spellcasting   | 3 |  3.4
Stealth        | 3 |  3.5

Action                     |  1- 3 |  4- 6 |  7- 9 || total
---------------------------+-------+-------+-------++-------
  Melee: Short sword       |     4 |    18 |    19 ||    41
         Kick              |       |     5 |     5 ||    10
         Peck              |       |     6 |     3 ||     9
         Punch             |       |       |     1 ||     1
  Throw: Dart              |       |     1 |     5 ||     6
   Cast: Shock             |    54 |   120 |    46 ||   220
         Static Discharge  |       |    13 |    10 ||    23
         Swiftness         |       |       |     1 ||     1
    Use: Scroll            |       |       |     5 ||     5
 Armour: Robe              |     3 |    32 |     2 ||    37
         Leather armour    |       |       |    28 ||    28
  Dodge: Dodged            |     7 |    22 |    15 ||    44

Table legend: (Time is in decaauts)
 A = Elapsed time spent in this place.
 B = Non-inter-level travel time spent in this place.
 C = Inter-level travel time spent in this place.
 D = Time resting spent in this place.
 E = Time spent auto-exploring this place.
 F = Levels seen in this place.
 G = Mean time per level.
                   A        B        C        D        E       F      G
               +--------+--------+--------+--------+--------+-----+--------+
         Total |   6329 |   5959 |    370 |    720 |   4509 |   5 | 1265.8 |
       Dungeon |   6329 |   5959 |    370 |    720 |   4509 |   5 | 1265.8 |
               +--------+--------+--------+--------+--------+-----+--------+

Top non-repeatable levels by time:
     D:2: 1713 daAuts
     D:3: 1549 daAuts
     D:1: 1099 daAuts
     D:4: 1059 daAuts
     D:5: 907 daAuts
